 Dungeon Crawl Stone Soup version 0.29-a0-350-g7790a0e70a (webtiles) character file.

Game seed: 8352269676307490037

1400 NinjaNoafa the Cutter (level 8, 0/67 HPs)
             Began as a Grey Draconian Monk on Apr 22, 2022.
             Was a Believer of Ashenzari.
             Engulfed by a steam dragon's steam (10 damage)
             ... on level 6 of the Dungeon.
             The game lasted 00:17:17 (6979 turns).

NinjaNoafa the Cutter (Grey Draconian Monk)         Turns: 6979, Time: 00:17:18

Health: 0/67       AC: 12    Str: 13    XL:     8   Next: 41%
Magic:  12/12      EV: 19    Int: 12    God:    Ashenzari [**....]
Gold:   314        SH:  0    Dex: 15    Spells: 10/12 levels left

rFire   x . .      SeeInvis +   q - +2 dagger (venom)
rCold   + . .      Faith    .   (no shield)
rNeg    + . .      Spirit   .   (body armour unavailable)
rPois   .          Reflect  .   (helmet restricted)
rElec   .          Harm     .   (no cloak)
rCorr   .          Rampage  .   (no gloves)
Will    .....                   b - +0 pair of boots of Supernal Gnosis {*Slow rN+ SInv, Cun, Fort} (curse)
Stlth   +++.......              l - amulet of Ashenzari's Dogma {RegenMP, Range, Elem} (curse)
HPRegen 0.21/turn               i - ring of ice
MPRegen 0.53/turn               m - ring of the Chained Dismay {EV+4, Cun, Alch} (curse)

@: no status effects
A: AC +11, amphibious, unfitting armour, cold-blooded
a: Renounce Religion, Shatter the Chains


You were on level 6 of the Dungeon.
You worshipped Ashenzari.
Ashenzari was pleased with you.
You visited 2 branches of the dungeon, and saw 7 of its levels.

You collected 314 gold pieces.

Inventory:

Hand Weapons
 a - a +0 short sword
 h - a +0 hunting sling
 j - the +8 hunting sling "Ebluppet" {freeze, Int+2}
   (You found it on level 3 of the Dungeon)

   Any ammunition fired from it freezes those it strikes, dealing additional
   cold damage.
   It can also slow down cold-blooded creatures.
   Int:       It affects your intelligence (+2).
 q - a +2 dagger of venom (weapon)
 v - a +2 vorpal arbalest
Missiles
 e - 2 throwing nets
 f - 183 stones
Armour
 b - the cursed +0 pair of boots of Supernal Gnosis (worn) {*Slow rN+ SInv, Cun, Fort}
   (You acquired it on level 5 of the Dungeon)

   rN:        It protects you from negative energy.
   SInv:      It lets you see invisible.
   *Slow:     It may slow you when you take damage.
   It has a curse which improves the following skills: Cunning: Dodging and
   Stealth.
   Fortitude: Shields.
Jewellery
 i - a ring of ice (left hand)
 l - the cursed amulet of Ashenzari's Dogma (around neck) {RegenMP, Range, Elem}
   (You found it on level 2 of the Dungeon)

   [amulet of magic regeneration]

   It increases your rate of magic regeneration.
   It has a curse which improves the following skills: Ranged Combat: Slings,
   Bows, Crossbows and Throwing.
   Elements:  Fire Magic, Ice Magic, Air Magic and Earth Magic.
 m - the cursed ring of the Chained Dismay (right hand) {EV+4, Cun, Alch}
   (You took it off a kobold on level 3 of the Dungeon)

   [ring of evasion]

   EV:        It affects your evasion (+4).
   It has a curse which improves the following skills: Cunning: Dodging and
   Stealth.
   Alchemy:   Poison Magic and Transmutations.
Wands
 y - a wand of iceblast (3)
Scrolls
 c - 2 scrolls of teleportation
 k - 2 scrolls of blinking
 s - a scroll of fog
 t - a scroll of noise
 w - a scroll of enchant armour
 x - a scroll of amnesia
Potions
 d - 2 potions of curing
 g - 2 potions of degeneration
 n - 3 potions of flight
 o - a potion of lignification
 p - a potion of haste
 r - a potion of brilliance
 u - 2 potions of resistance


   Skills:
 - Level 4.5 Fighting
 * Level 5.8 Short Blades
 * Level 4.4(5.6) Slings
 - Level 4.6(6.4) Dodging
 - Level 3.0(4.7) Stealth
 + Level 2.9 Spellcasting
 - Level 2.9 Necromancy
 + Level 1.1(1.9) Earth Magic


You had 10 spell levels left.
You knew the following spells:

 Your Spells              Type           Power      Damage    Failure   Level
a - Pain                  Necr           32%        1d5       8%          1
b - Animate Skeleton      Necr           16%        N/A       8%          1

Your spell library contained the following spells:

 Spells                   Type           Power      Damage    Failure   Level
 Sandblast                Erth           12%        2d6       12%         1
 Corpse Rot               Necr/Air       10%        N/A       21%         2
 Vampiric Draining        Necr           8%         2d6       22%         3
 Passwall                 Tmut/Erth      3%         N/A       24%         2
 Poisonous Vapours        Pois/Air       4%         N/A       34%         2
 Ensorcelled Hibernation  Hex/Ice        4%         N/A       36%         2
 Stone Arrow              Conj/Erth      8%         3d7       45%         3
 Spider Form              Tmut/Pois      2%         N/A       56%         3
 Tukima's Dance           Hex            1%         N/A       58%         3
 Anguish                  Hex/Necr       2%         N/A       80%         4
 Enfeeble                 Hex            0%         N/A       100%        7


Dungeon Overview and Level Annotations

Branches:
Dungeon (6/15)             Temple (1/1) D:6

Altars:
Ashenzari
Dithmenos
Elyvilon
Fedhas
Gozag
Hepliaklqana
Kikubaaqudgha
Makhleb
Nemelex Xobeh
Okawaru
Qazlal
Ru
Sif Muna
Trog
Uskayaw
Vehumet
Wu Jian
Xom
Yredelemnul
Zin
The Shining One

Annotations:
D:6 3 runed translucent doors, spaghetti's ghost, novice OpCj


Innate Abilities, Weirdness & Mutations

Your dull iron-grey scales are very hard. (AC +11)
You are amphibious.
You cannot fit into any form of body armour.
You are cold-blooded and may be slowed by cold attacks.


Message History

You are engulfed in a cloud of scalding steam.
The steam dragon misses you. x2
You hit the steam dragon but do no damage.
The steam dragon is severely wounded.
The steam dragon bites you!
* * * LOW HITPOINT WARNING * * *
The steam dragon barely misses you.
You feel better. The steam dragon bites you.
* * * LOW HITPOINT WARNING * * *
The steam dragon completely misses you.
You closely miss the steam dragon.
The steam dragon is severely wounded.
You hit the steam dragon but do no damage.
The steam dragon is poisoned.
You tail-slap the steam dragon, but do no damage.
The steam dragon is severely wounded.
The steam dragon misses you.
The steam dragon claws you but does no damage.
You hit the steam dragon but do no damage.
The steam dragon looks even sicker.
The steam dragon is severely wounded.
The steam dragon barely misses you.
The steam dragon claws you but does no damage.
You hit the steam dragon but do no damage.
The steam dragon looks as sick as possible!
The steam dragon is severely wounded.
You closely miss the steam dragon.
The steam dragon is severely wounded.
The steam dragon bites you!
* * * LOW HITPOINT WARNING * * *
The steam dragon completely misses you.
There is an open door here.
The steam dragon attacks as you move away!
The steam dragon closely misses you. x2
The steam dragon breathes steam at you. The ball of steam hits you!
The steam scalds you terribly!
* * * LOW HITPOINT WARNING * * *
You feel better.
You are engulfed in a cloud of scalding steam.
You die...

.....#...#.....#####<....#...#..#
.....+...#.....#...+.....#...#...
.....#...#.....#.................
.....#...#.....#..##.##.#..##.#..
.....#####.....#........#.....#..
.....#...#.....#+.##.#....##.....
.....#...#.....#.....#.##....##..
...).'...#.....#..##......##.....
.....#...#.....#@§...##.>....#...
.....#...#....D§...#......##.#...
.....#...#.....#...#.#.##........
..#####..'.....#.....#....)#.##..
.##.≈≈##.#.....#..#....##[.#.....
.#...≈≈###.....#..#.##.......##..
.)..⌠.≈#.......#.......#.##......
.#....≈##......#..##...#....##...
.##....≈#......#.......[.........


You could see a steam dragon (extremely poisoned, catching breath).

Vanquished Creatures
  A steam dragon (D:6)
  A sky beast (D:6)
  A black bear (D:5)
  An orc warrior (D:6)
  An ogre (D:4)
  2 centaurs (D:6)
  A scorpion (D:5)
  A necrophage (D:6)
  2 orc priests (D:6)
  4 hounds
  3 iguanas
  4 orc wizards
  Robin (D:3)
  10 gnolls (D:2)
  7 adders
  2 white imps (D:6)
  An ufetubus (D:5)
  2 worms
  2 dart slugs
  15 orcs
  10 ball pythons
  4 bats
  6 endoplasms
  3 giant cockroaches
  15 goblins
  5 hobgoblins
  3 jackals (D:3)
  8 kobolds
  5 quokkas
  5 frilled lizards
  A rat (D:2)
127 creatures vanquished.

Vanquished Creatures (others)
  6 plants (D:2)
6 creatures vanquished.

Grand Total: 133 creatures vanquished

Notes
Turn   | Place    | Note
-------+----------+-------------------------------------------
     0 | D:1      | NinjaNoafa the Draconian Monk began the quest for the Orb.
     0 | D:1      | Reached XP level 1. HP: 19/19 MP: 1/1
   218 | D:1      | Reached XP level 2. HP: 26/26 MP: 2/2
  1137 | D:2      | Found a faded altar of an unknown god.
  1182 | D:2      | Reached XP level 3. HP: 27/33 MP: 3/3
  1388 | D:2      | Reached XP level 4. HP: 40/40 MP: 4/4
  1768 | D:2      | Reached XP level 5. HP: 43/46 MP: 5/5
  2472 | D:3      | Noticed Robin
  2481 | D:3      | Reached skill level 4 in Short Blades
  2508 | D:3      | Killed Robin
  3074 | D:3      | Reached skill level 1 in Spellcasting
  3074 | D:3      | Reached skill level 1 in Necromancy
  3409 | D:3      | Identified the +8 hunting sling "Ebluppet" {freeze, Int+2}
  3690 | D:3      | Reached XP level 6. HP: 31/53 MP: 7/7
  3946 | D:4      | Reached skill level 1 in Slings
  4177 | D:4      | Identified the +1 hunting sling "Murmur" {flame, rF+}
  4629 | D:5      | Entered Level 5 of the Dungeon
  4769 | D:5      | Identified a scroll of acquirement
  4769 | D:5      | Acquired the +0 pair of boots of the Cricket {*Slow rN+
                  | SInv}
  4916 | D:5      | Your scales start taking on a dull iron-grey colour.
  4916 | D:5      | Reached XP level 7. HP: 60/60 MP: 10/10
  5254 | D:5      | Found a blossoming altar of Fedhas.
  5648 | D:6      | Found a staircase to the Ecumenical Temple.
  5658 | Temple   | Entered the Ecumenical Temple
  5750 | Temple   | Became a worshipper of Ashenzari the Shackled
  5754 | Temple   | Learned a level 1 spell: Pain
  5756 | Temple   | Learned a level 1 spell: Animate Skeleton
  6043 | D:6      | Reached * piety under Ashenzari
  6163 | D:6      | Noticed a steam dragon
  6178 | D:6      | Killed a steam dragon
  6179 | D:6      | Reached skill level 5 in Short Blades
  6179 | D:6      | Reached XP level 8. HP: 47/67 MP: 8/12
  6730 | D:6      | Reached skill level 1 in Earth Magic
  6824 | D:6      | Reached ** piety under Ashenzari
  6911 | D:6      | Found a runed translucent gate.
  6912 | D:6      | Found a runed translucent gate.
  6913 | D:6      | Found a runed translucent gate.
  6913 | D:6      | Noticed spaghetti's ghost (novice OpCj)
  6918 | D:6      | Noticed a kobold demonologist
  6978 | D:6      | HP: 1/67 [steam dragon/ball of steam (10)]
  6979 | D:6      | Engulfed by a steam dragon's steam

Illustrated notes

Levels and vault maps discovered:
D:1:      sevenhm_arrival_forest_fort_small_3, layout_loops_corners,
          grunt_decor_clamped
D:2:      cheibrodos_old_hovel, layout_loops_ring, basic_ecumenical_altar
D:3:      layout_basic, uniq_robin
D:4:      layout_loops_cross
D:5:      layout_loops_ring, lemuel_coloured_pillars_altar
D:6:      cheibrodos_steamvent, layout_gridville, minmay_temple_entry_ruins,
          gammafunk_ghost_nasty_kobolds
Temple:   mainiacjoe_temple_cubbyholes

Skill      XL: |  1  2  3  4  5  6  7  8 |
---------------+-------------------------+-----
Stealth        | 2 3 |  3.0
Dodging        | 3 4 |  4.6
Fighting       | 4 |  4.5
Short Blades   | 4 5 |  5.8
Spellcasting   | 1 2 |  2.9
Necromancy     | 1 2 |  2.9
Slings         | 1 3 4 |  4.4
Earth Magic    | 1 |  1.1

Action                   |  1- 3 |  4- 6 |  7- 9 || total
-------------------------+-------+-------+-------++-------
Melee: Short sword       |    52 |   177 |    14 ||   243
       Tailslap          |     4 |    22 |     1 ||    27
       Dagger            |       |       |     7 ||     7
 Fire: Hunting sling     |    16 |    59 |    84 ||   159
       Arbalest          |       |       |     3 ||     3
Throw: Dart              |     5 |       |       ||     5
       Stone             |     4 |       |       ||     4
       Boomerang         |       |    12 |       ||    12
       Throwing net      |       |     2 |       ||     2
 Cast: Pain              |       |       |     6 ||     6
Invok: Curse Item        |       |       |     3 ||     3
  Use: Scroll            |     3 |     8 |     1 ||    12
       Potion            |       |    13 |     6 ||    19
 Stab: Sleeping          |     4 |     7 |       ||    11
       Invisible         |       |     6 |       ||     6
Armor: Skin              |    37 |    70 |    37 ||   144
Dodge: Dodged            |    72 |   139 |    78 ||   289

Table legend: (Time is in decaauts)
 A = Elapsed time spent in this place.
 B = Non-inter-level travel time spent in this place.
 C = Inter-level travel time spent in this place.
 D = Time resting spent in this place.
 E = Time spent auto-exploring this place.
 F = Levels seen in this place.
 G = Mean time per level.
                   A        B        C        D        E       F      G
               +--------+--------+--------+--------+--------+-----+--------+
         Total |   6956 |   6776 |    180 |    991 |   4625 |   7 |  993.7 |
       Dungeon |   6587 |   6460 |    127 |    991 |   4328 |   6 | 1097.8 |
        Temple |    368 |    315 |     53 |      0 |    297 |   1 |  368.0 |
               +--------+--------+--------+--------+--------+-----+--------+

Top non-repeatable levels by time:
     D:3: 1483 daAuts
     D:2: 1277 daAuts
     D:1: 1130 daAuts
     D:6: 1104 daAuts
     D:5: 883 daAuts
     D:4: 707 daAuts
  Temple: 368 daAuts
